Map: Ice and Chrome LE

Players

Silky - Winner!

  • Race: Zerg Zerg
  • Spawn Location: 1:00

Asuna

  • Race: Protoss Protoss
  • Spawn Location: 7:00

Event: DreamHack SC2 Masters 2020 Fall

VOD

Have the link to the VOD?

Description

Time

  • Played on: Sept. 10, 2020, 4:40 p.m.
  • Length: 11:22

All games in this series

Show
View Real Time Build Order
Export as new Build Order

Silky Zerg - Winner!

Build Orders: Pool First 

Get SALT Encoding   

  12  0:18  Spawning Pool  
  11  0:21  Drone  
  11  0:25  Drone  
  13  0:31  Drone  
  14  0:40  Overlord  
  14  1:05  Zergling x6  
  17  1:17  Hatchery  
  17  1:18  Zergling x2  
  17  1:29  Queen  
  19  1:34  Zergling x2  
  19  1:38  Drone  
  21  1:48  Overlord  
  21  1:52  Extractor  
  20  2:06  Drone  
  21  2:09  Drone  
  21  2:10  Queen  
  22  2:20  Drone  
  22  2:30  Drone  
  22  2:31  Queen  
  22  2:32  Drone  
  26  2:40  Drone  
  26  2:41  Drone  
  28  2:46  Drone  
  29  2:52  Drone x2  
  29  2:55  Drone  
  31  3:05  Zergling x4  
  33  3:12  Metabolic Boost  
  32  3:13  Zergling x2  
  32  3:14  Zergling x2  
  32  3:18  Zergling x2  
  36  3:24  Overlord  
  35  3:35  Hatchery  
  35  3:38  Drone x2  
  36  3:42  Drone x2  
  36  3:47  Drone  
  36  3:48  Drone  
  40  3:53  Drone x2  
  42  3:58  Overlord  
  42  4:05  Overlord  
  42  4:07  Drone  
  42  4:08  Drone  
  44  4:12  Drone, Spore Crawler  
  44  4:18  Drone x3  
  47  4:24  Spore Crawler  
  47  4:25  Drone  
  47  4:28  Drone x2  
  47  4:29  Drone  
  50  4:34  Queen  
  50  4:37  Drone x2  
  50  4:38  Drone  
  55  4:43  Drone  
  56  4:45  Spore Crawler  
  56  4:48  Drone  
  56  4:50  Drone x2  
  58  4:57  Queen  
  58  4:58  Roach Warren  
  59  5:00  Overlord  
  59  5:03  Overlord  
  59  5:12  Extractor  
  59  5:13  Extractor  
  59  5:14  Drone  
  58  5:15  Overlord  
  58  5:19  Drone  
  58  5:20  Drone x7  
  66  5:25  Drone, Lair  
  66  5:28  Drone x2  
  67  5:32  Drone x3  
  70  5:37  Drone  
  70  5:40  Evolution Chamber  
  70  5:43  Queen  
  70  5:48  Drone  
  70  5:49  Overlord x2  
  73  5:51  Extractor  
  73  5:52  Overlord  
  73  5:56  Queen  
  74  5:58  Overlord  
  74  5:59  Extractor  
  73  6:04  Overlord  
  73  6:07  Zerg Missile Weapons Level 1  
  73  6:10  Drone  
  73  6:11  Drone  
  75  6:12  Drone  
  75  6:15  Drone x3  
  75  6:17  Drone x2  
  81  6:20  Hatchery  
  81  6:26  Hatchery  
  80  6:35  Drone x5, Hatchery  
  80  6:36  Drone x2, Hydralisk Den  
  80  6:37  Extractor, Spore Crawler  
  80  6:39  Queen  
  83  6:43  Spore Crawler  
  83  6:44  Drone  
  83  6:46  Roach  
  83  6:47  Roach x2  
  89  6:50  Overseer  
  89  6:52  Roach x2  
  95  6:56  Overlord  
  95  7:03  Overlord  
  95  7:07  Grooved Spines  
  95  7:09  Hydralisk x5  
  95  7:13  Overlord  
  105  7:16  Hydralisk x2  
  105  7:22  Infestation Pit, Hydralisk x2  
  108  7:26  Hydralisk  
  108  7:29  Overlord x2  
  114  7:32  Hydralisk  
  116  7:37  Hydralisk x2  
  116  7:38  Hydralisk  
  116  7:42  Hydralisk x2  
  125  7:45  Hydralisk  
  125  7:48  Overlord  
  125  7:49  Hydralisk  
  125  7:50  Hydralisk  
  131  7:56  Overlord  
  131  8:00  Overlord x2  
  131  8:03  Infestor x2  
  135  8:06  Hydralisk x2  
  135  8:12  Drone x2, Hydralisk  
  141  8:14  Spore Crawler x2  
  141  8:15  Hydralisk  
  143  8:21  Hydralisk x2  
  143  8:24  Hydralisk  
  143  8:25  Zergling x4  
  151  8:31  Muscular Augments  
  151  8:34  Overlord  
  151  8:36  Hydralisk  
  153  8:42  Hydralisk x2  
  153  8:45  Zergling x18  
  166  8:50  Overlord x2  
  166  8:59  Spore Crawler  
  166  9:00  Overlord x2  
  165  9:08  Hydralisk x5  
  165  9:09  Hydralisk  
  177  9:11  Overseer  
  177  9:13  Overseer  
  177  9:20  Zergling x14  
  184  9:26  Drone  
  184  9:27  Drone x2  
  184  9:29  Spire  
  184  9:41  Roach x7  
  193  9:57  Roach x3  
  176  10:18  Hydralisk x4  
  176  10:19  Hydralisk x5  
  172  10:31  Hydralisk x4  
  172  10:42  Hydralisk x2  
  173  10:46  Hydralisk  
  173  10:47  Zergling x8  
  173  10:56  Hydralisk x2  
  173  10:57  Hydralisk  
  159  11:06  Extractor x2  
  153  11:12  Hatchery  
Show
View Real Time Build Order
Export as new Build Order

Asuna Protoss 

Build Orders:  

Get SALT Encoding   

  12  0:00  Probe  
  13  0:12  Probe  
  14  0:20  Pylon  
  14  0:25  Probe  
  15  0:38  Probe (Chrono Boost)  
  15  0:40  Gateway  
  16  0:48  Assimilator, Probe (Chrono Boost)  
  17  0:55  Probe  
  18  1:07  Probe  
  19  1:19  Probe  
  20  1:25  Zealot (Chrono Boost)  
  20  1:28  Gateway  
  20  1:30  Pylon  
  20  1:31  Cybernetics Core  
  22  1:35  Probe  
  23  1:48  Zealot  
  23  1:53  Probe  
  26  2:17  Adept (Chrono Boost)  
  28  2:26  Adept (Chrono Boost), Pylon  
  28  2:36  Assimilator  
  27  2:38  Probe  
  28  2:45  Warp Gate  
  28  2:50  Probe  
  29  2:55  Stalker  
  31  3:04  Nexus  
  31  3:11  Probe  
  32  3:20  Stargate  
  32  3:23  Probe  
  33  3:36  Probe  
  34  3:48  Probe  
  35  3:54  Pylon  
  35  4:00  Probe  
  35  4:02  Oracle (Chrono Boost)  
  39  4:12  Probe  
  40  4:20  Probe (Chrono Boost)  
  40  4:23  Void Ray (Chrono Boost)  
  41  4:28  Probe (Chrono Boost)  
  47  4:32  Probe (Chrono Boost)  
  47  4:38  Probe (Chrono Boost)  
  48  4:39  Probe (Chrono Boost)  
  48  4:45  Assimilator  
  49  4:46  Probe  
  49  4:47  Assimilator  
  49  4:48  Probe  
  49  4:52  Pylon  
  51  4:53  Void Ray  
  51  4:58  Probe  
  56  5:00  Probe  
  57  5:09  Pylon  
  57  5:10  Probe  
  57  5:12  Probe  
  59  5:22  Pylon, Probe  
  59  5:24  Probe  
  60  5:33  Void Ray (Chrono Boost)  
  60  5:35  Probe  
  61  5:36  Nexus  
  61  5:37  Probe  
  66  5:46  Stargate  
  66  5:47  Probe  
  66  5:49  Probe  
  68  5:52  Shield Battery  
  68  5:59  Shield Battery, Probe  
  68  6:01  Probe  
  70  6:11  Void Ray (Chrono Boost), Probe  
  75  6:13  Probe  
  76  6:22  Sentry x2, Void Ray (Chrono Boost)  
  76  6:23  Probe  
  76  6:25  Probe, Pylon  
  86  6:38  Pylon  
  86  6:42  Pylon  
  86  6:43  Probe x2  
  86  6:46  Robotics Facility  
  88  6:55  Probe x2  
  88  6:56  Probe  
  88  6:59  Void Ray x2 (Chrono Boost)  
  91  7:07  Probe x2  
  101  7:10  Probe  
  101  7:13  Assimilator  
  102  7:16  Gateway  
  102  7:17  Assimilator, Gateway  
  102  7:19  Probe x2  
  104  7:24  Pylon  
  104  7:30  Probe, Pylon  
  104  7:31  Probe  
  104  7:34  Shield Battery, Protoss Air Weapons Level 1  
  107  7:37  Observer  
  107  7:39  Probe  
  107  7:41  Void Ray x2  
  107  7:42  Probe  
  117  7:53  Robotics Bay  
  117  7:56  Forge  
  118  7:58  Observer  
  118  8:15  Fleet Beacon  
  118  8:16  Probe x3  
  121  8:21  Pylon  
  121  8:29  Zealot x4, Pylon  
  121  8:33  Shield Battery  
  129  8:35  Pylon  
  129  8:36  Shield Battery  
  129  8:38  Shield Battery  
  129  8:40  Pylon, Colossus (Chrono Boost)  
  135  8:56  Extended Thermal Lance (Chrono Boost)  
  135  8:57  Protoss Ground Weapons Level 1 (Chrono Boost)  
  135  8:58  Carrier (Chrono Boost)  
  135  9:08  Carrier (Chrono Boost)  
  143  9:21  Photon Cannon  
  143  9:22  Photon Cannon  
  143  9:23  Colossus (Chrono Boost)  
  143  9:30  Gateway, Unknown  
  149  9:33  Gateway  
  149  9:40  Shield Battery x2  
  149  9:45  Photon Cannon  
  149  9:47  Zealot x4  
  129  10:09  Zealot x4  
  129  10:11  Void Ray (Chrono Boost)  
  125  10:25  Zealot  
  125  10:27  Carrier (Chrono Boost)  
  118  10:41  Void Ray (Chrono Boost)  
  116  10:42  Zealot  
  116  10:43  Zealot x2  
  117  10:52  Zealot  
  101  11:03  Zealot x3  
  76  11:15  Gateway  

Tags
 
Add a new tag
Caveats
  • Supply blocks, unpowered buildings, or Contaminate may cause inaccurate times.
  • Supply counts are checked every 10 seconds.